 Dungeon Crawl Stone Soup version 0.19.0-11-g3fc08b3 (webtiles) character file.

13304 Kirk the Severer (level 12, 0/81 HPs)
             Began as a Formicid Fighter on Nov 9, 2016.
             Was the Champion of Uskayaw.
             Succumbed to a killer bee's poison
             ... on level 10 of the Dungeon.
             The game lasted 00:26:18 (12419 turns).

Kirk the Severer (Formicid Fighter)                Turns: 12419, Time: 00:26:18

Health: 0/81       AC: 23    Str: 24    XL:     12   Next: 31%
Magic:  21/21      EV:  9    Int: 10    God:    Uskayaw [******]
Gold:   516        SH:  4    Dex: 10    Spells: 0 memorised, 11 levels left

rFire  . . .     SeeInvis +     a - +1 war axe
rCold  x . .     Gourm    .     I - +7 chain mail of Defiance {+Inv rC- rN+}
rNeg   + . .     Faith    .     g - +0 buckler
rPois  .         Spirit   .     (helmet unavailable)
rElec  .         Reflect  .     K - +2 cloak
rCorr  .         Harm     .     G - +0 pair of gloves
MR     +....                    (no boots)
Stlth  ..........               (no amulet)
                                x - ring of magical power
                                m - +1 ring of evasion

@: lethally poisoned (0 -> -8)
A: permanent stasis, dig shafts and tunnels, four strong arms, antennae 3
a: Dig, Shaft Self, Stomp, Line Pass, Grand Finale, Renounce Religion, Evoke
Invisibility


You were on level 10 of the Dungeon.
You worshipped Uskayaw.
Uskayaw was noncommittal.
You were hungry.

You visited 2 branches of the dungeon, and saw 12 of its levels.

You collected 516 gold pieces.

Inventory:

Hand Weapons
 a - a +1 war axe (weapon)
 b - the +0 falchion of the Abyss {freeze, Int+4, unknown}
   (You found it on level 9 of the Dungeon)

   It has been specially enchanted to freeze those struck by it, causing extra
   injury to most foes and up to half again as much damage against particularly
   susceptible opponents.
   It can also slow down cold-blooded creatures.
   It affects your intelligence (+4).
 k - a +0 battleaxe
 v - a +0 blowgun
 z - a +0 whip of electrocution
Missiles
 t - 88 poisoned needles
 y - 4 tomahawks (quivered)
 B - 3 curare-tipped needles
 F - 52 bolts
Armour
 c - a +0 shield
 g - a +0 buckler (worn)
 G - a +0 pair of gloves (worn)
 I - the +7 chain mail of Defiance (worn) {+Inv rC- rN+}
   (You found it on level 9 of the Dungeon)

   It makes you vulnerable to cold.
   It protects you from negative energy.
   It lets you turn invisible.
 K - a +2 cloak (worn)
Jewellery
 e - an uncursed ring of magical power
 m - a +1 ring of evasion (left hand)
 x - a ring of magical power (right hand)
Wands
 d - a wand of slowing (30/48)
 h - a wand of slowing (31/48)
 p - a wand of confusion (16/48)
 u - a wand of lightning (6/15)
 w - a wand of acid (0/15)
 H - a wand of confusion (7/48)
Scrolls
 q - 3 scrolls of enchant weapon
 r - 5 scrolls of remove curse
 A - a scroll of recharging
Potions
 i - a potion of magic
 l - a potion of brilliance
 o - 3 potions of flight
 C - a potion of cancellation
Books
 s - a book of Minor Magic

   Spells                             Type                      Level
   a - Magic Dart                     Conjuration                  1
   b - Blink                          Translocation                2
   c - Call Imp                       Summoning                    2
   d - Repel Missiles                 Charms/Air                   2
   e - Slow                           Hexes                        2
   f - Conjure Flame                  Conjuration/Fire             3
   g - Mephitic Cloud                 Conjuration/Poison/Air       3
 L - a book of Air

   Spells                             Type                      Level
   a - Shock                          Conjuration/Air              1
   b - Swiftness                      Charms/Air                   2
   c - Repel Missiles                 Charms/Air                   2
   d - Static Discharge               Conjuration/Air              3
   e - Lightning Bolt                 Conjuration/Air              5
Comestibles
 f - 4 bread rations
 j - 3 slices of pizza
 n - 5 fruits
 D - 3 beef jerkies
 E - 2 meat rations


   Skills:
 - Level 3.2 Fighting
 + Level 15.8 Axes
 + Level 10.1 Armour
 + Level 4.8 Shields
 - Level 0.4 Evocations


You had 11 spell levels left.
You didn't know any spells.

Dungeon Overview and Level Annotations

Branches:
Dungeon (11/15)            Temple (1/1) D:7            Lair (0/6) D:10
    Orc (0/2) D:10

Altars:
Ashenzari
Cheibriados
Dithmenos
Elyvilon
Fedhas
Gozag
Hepliaklqana
Kikubaaqudgha
Makhleb
Nemelex Xobeh
Okawaru
Qazlal
Sif Muna
Trog
Uskayaw
Vehumet
Xom
Yredelemnul
Zin
The Shining One

Annotations:
D:9 ZlagarX's ghost, novice DrVM
D:10 Jerry's ghost, journeyman GrFi


Innate Abilities, Weirdness & Mutations

You are under a permanent stasis effect.
You can dig through walls and to a lower floor.
Your four strong arms can wield two-handed weapons with a shield.
You have a pair of large antennae on your head. (SInv)


Message History

You kill the killer bee!
* * * LOW HITPOINT WARNING * * *
You feel sick.
The killer bee stings you but does no damage.
You miss the killer bee.
The killer bee is almost dead.
* * * LOW HITPOINT WARNING * * *
You feel sick.
The killer bee stings you but does no damage.
You hit the killer bee.
You kill the killer bee!
* * * LOW HITPOINT WARNING * * *
You feel sick.
The killer bee stings you but does no damage.
You closely miss the killer bee.
The killer bee is severely wounded.
The killer bee barely misses you.
You hit the killer bee.
You kill the killer bee!
You die... ########## ....%...%. ..[......## {......... ..........#y%....yyy.% ................Fhyyyy ........†# ..yyy{yyyy

......†..# #y# ......††.# #.#
#######.## #.# ####...@).#
#.# #....###### ###.# #.####
#...# ###.########
######.#### #....>.....#
#..........
##..........#####......)...
....<................))).....
####..........#####....).....
#..........# #..........


There were no monsters in sight!

Vanquished Creatures
  A death knight (D:11)
  The ghost of Banto the Carver, a novice HESk of the Shining One (D:7)
  A manticore (D:11)
  A cyclops (D:8)
  The ghost of Kirk the Sneak, a novice OgAs (D:5)
  A gargoyle (D:10)
  A queen bee (D:10)
  A troll (D:8)
  A two-headed ogre (D:11)
  Prince Ribbit (D:8)
  3 hippogriffs
  9 yaks (D:10)
  A shadow (D:11)
  3 wyverns
  3 basilisks (D:10)
  A hungry ghost (D:11)
  A water moccasin (D:9)
  3 porcupines (D:10)
  3 ice beasts
  5 sky beasts
  5 orc warriors
  2 eyes of draining
  8 phantoms
  5 centaurs
  9 ogres
  2 crocodiles (D:10)
  7 bullfrogs
  A wyvern zombie (D:10)
  6 scorpions
  29 killer bees
  4 crimson imps
  3 jellies
  2 bullfrog zombies
  9 hounds
  An iron imp (D:9)
  3 orc priests (D:8)
  2 iguanas
  4 orc wizards
  3 worker ants
  A hound skeleton (D:4)
  A worker ant zombie (D:7)
  4 gnolls (D:10)
  13 adders
  4 river rats (D:10)
  2 shadow imps
  3 oozes
  4 worms
  8 leopard geckos
  39 orcs
  8 bats
  5 giant cockroaches
  11 goblins
  11 hobgoblins
  9 jackals
  7 kobolds
  5 quokkas
  3 ball pythons
  6 frilled lizards
  2 jackal skeletons
  2 quokka skeletons
  13 rats
308 creatures vanquished.

Vanquished Creatures (others)
  A river rat (D:10)
  A bush (D:10)
  2 plants (D:10)
4 creatures vanquished.

Grand Total: 312 creatures vanquished

Notes
Turn   | Place    | Note
-------+----------+-------------------------------------------
     0 | D:1      | Kirk the Formicid Fighter began the quest for the Orb.
     0 | D:1      | Reached XP level 1. HP: 18/18 MP: 1/1
   142 | D:1      | Reached XP level 2. HP: 21/24 MP: 2/2
   166 | D:1      | Reached skill level 3 in Axes
   366 | D:1      | Reached XP level 3. HP: 26/29 MP: 3/3
   992 | D:2      | Reached skill level 4 in Axes
   992 | D:2      | Reached XP level 4. HP: 35/35 MP: 4/4
  1005 | D:2      | Found a faded altar of an unknown god.
  1090 | D:2      | Found an opulent altar of Gozag.
  1515 | D:2      | Reached XP level 5. HP: 41/41 MP: 5/5
  1638 | D:3      | Found a shadowy altar of Dithmenos.
  1695 | D:3      | Noticed a phantom
  1725 | D:3      | Killed a phantom
  1725 | D:3      | Reached skill level 5 in Axes
  1725 | D:3      | Reached XP level 6. HP: 39/47 MP: 6/6
  2071 | D:3      | Reached skill level 6 in Axes
  2407 | D:3      | Noticed an ogre
  2662 | D:4      | Noticed an ogre
  2680 | D:4      | Killed an ogre
  2694 | D:4      | Reached skill level 7 in Axes
  2694 | D:4      | Reached XP level 7. HP: 36/52 MP: 7/7
  2752 | D:4      | Reached skill level 8 in Axes
  3084 | D:4      | Found a burning altar of Makhleb.
  3123 | D:4      | Found an opulent altar of Gozag.
  3312 | D:4      | Reached XP level 8. HP: 58/58 MP: 8/8
  3389 | D:5      | Entered Level 5 of the Dungeon
  3653 | D:5      | Found a deep blue altar of Sif Muna.
  3757 | D:5      | Noticed Kirk's ghost (novice OgAs)
  3766 | D:5      | Killed Kirk's ghost
  3766 | D:5      | Reached skill level 9 in Axes
  3963 | D:5      | Reached skill level 10 in Axes
  4597 | D:6      | Reached XP level 9. HP: 51/64 MP: 9/9
  5053 | D:6      | Reached skill level 11 in Axes
  5445 | D:7      | Noticed Banto's ghost (novice HESk)
  5454 | D:7      | Killed Banto's ghost
  5454 | D:7      | Reached skill level 5 in Armour
  5517 | D:7      | Noticed a hippogriff
  5533 | D:7      | Killed a hippogriff
  5926 | D:7      | Reached skill level 12 in Axes
  5948 | D:7      | Reached XP level 10. HP: 51/70 MP: 10/10
  6110 | D:7      | Found a staircase to the Ecumenical Temple.
  6125 | Temple   | Entered the Ecumenical Temple
  6316 | Temple   | Became a worshipper of Uskayaw the Reveler
  6369 | D:7      | Reached * piety under Uskayaw
  6371 | D:7      | Reached ** piety under Uskayaw
  6537 | D:7      | Reached *** piety under Uskayaw
  6542 | D:7      | Reached **** piety under Uskayaw
  6557 | D:7      | Reached ***** piety under Uskayaw
  6893 | D:7      | Found a radiant altar of Vehumet.
  7004 | D:7      | Found an iron altar of Okawaru.
  7545 | D:8      | Noticed a cyclops
  7549 | D:8      | Reached skill level 13 in Axes
  7554 | D:8      | Killed a cyclops
  8206 | D:8      | Noticed Prince Ribbit
  8235 | D:8      | Killed Prince Ribbit
  8607 | D:8      | Reached XP level 11. HP: 52/75 MP: 11/11
  8820 | D:9      | Got a dazzling falchion
  8826 | D:9      | Got an ichor-stained chain mail
  8837 | D:9      | Identified the +7 chain mail of Defiance {+Inv rC- rN+} (You found it on level 9 of the Dungeon)
  8894 | D:9      | Reached skill level 14 in Axes
  9177 | D:9      | Found a snail-covered altar of Cheibriados.
  9697 | D:9      | Noticed ZlagarX's ghost (novice DrVM)
  9717 | D:10     | Entered Level 10 of the Dungeon
  9856 | D:10     | Found a staircase to the Lair.
  9925 | D:10     | Reached ****** piety under Uskayaw
  9933 | D:10     | Reached skill level 15 in Axes
 10221 | D:10     | You fall through a shaft!
 10624 | D:11     | Noticed a manticore
 10648 | D:11     | Killed a manticore
 11005 | D:10     | Noticed Jerry's ghost (journeyman GrFi)
 11057 | D:11     | Reached XP level 12. HP: 77/81 MP: 12/12
 11077 | D:11     | Noticed a death knight
 11105 | D:11     | Killed a death knight
 11484 | D:10     | Found a staircase to the Orcish Mines.
 12377 | D:10     | Reached skill level 10 in Armour
 12414 | D:10     | HP: 3/81 [killer bee (2)]
 12417 | D:10     | HP: 1/81 [poisoned by a killer bee]
 12419 | D:10     | Succumbed to a killer bee's poison

Skill      XL: |  1  2  3  4  5  6  7  8  9 10 11 12 |
---------------+-------------------------------------+-----
Axes           | 3 4 5 7 8 10 12 13 15 | 15.8
Armour         | 5 7 9 10 | 10.1
Shields        | 4 |  4.8
Fighting       | |  3.2
Evocations     | |  0.4

Action                   |  1- 3 |  4- 6 |  7- 9 | 10-12 || total
-------------------------+-------+-------+-------+-------++-------
Melee: War axe           |    99 |   155 |   227 |   668 ||  1149
Throw: Tomahawk          |       |       |     5 |    11 ||    16
 Abil: Dig               |       |       |       |     1 ||     1
       Shaft Self        |       |       |       |     1 ||     1
Evoke: Wand              |       |     2 |     2 |     5 ||     9
  Use: Scroll            |     3 |     3 |     9 |     7 ||    22
       Potion            |       |       |     1 |    17 ||    18
 Stab: Paralysed         |       |       |       |    36 ||    36
       Petrified         |       |       |       |    12 ||    12
       Invisible         |       |       |       |     7 ||     7
       Petrifying        |       |       |       |     1 ||     1
  Eat: Chunk             |       |     6 |     9 |    20 ||    35
       Fruit             |       |       |     2 |       ||     2
       Royal jelly       |       |       |       |     1 ||     1
Armor: Scale mail        |    61 |    77 |    93 |    62 ||   293
       Chain mail        |       |       |       |   287 ||   287
Dodge: Dodged            |    64 |    78 |   102 |   304 ||   548
Block: Buckler           |       |       |       |    85 ||    85
